 Dungeon Crawl Stone Soup version 0.16-a0-3612-g267631e (console) character file.

385512 MarvinPA the Metallomancer (level 24, -10/192 HPs)
             Began as a Formicid Earth Elementalist on Jan 12, 2015.
             Was the Champion of Ru.
             Mangled by an ettin
             ... wielding a +0 dire flail
              (27 damage)
             ... on level 4 of the Vaults on Jan 13, 2015.
             The game lasted 04:21:37 (83790 turns).

MarvinPA the Metallomancer (FoEE)                  Turns: 83790, Time: 04:21:37

Health: -10/192    AC: 16    Str:  9    XL:     24   Next: 7%
Magic:  13/41      EV: 22    Int: 27    God:    Ru [******]
Gold:   3963       SH: 12    Dex: 11    Spells: 12 memorised, 7 levels left

rFire  + . .     SeeInvis +     a - staff of earth
rCold  + . .     Clarity  .     F - +2 robe {rC+ rF+}
rNeg   . . .     SustAb   .     s - +2 shield
rPois  .         Gourm    +     (helmet unavailable)
rElec  .         Spirit   .     T - +2 cloak {MR+}
rCorr  .         Warding  .     N - +2 pair of gloves of the Realm of Zot {+Twstr}
rMut   .         Stasis   +     A - +2 pair of boots of the Assassin {Stlth++}
MR     ++++.                    M - amulet of the gourmand
Stlth  ..........               D - ring of Winter {+Rage EV+5}
                                R - ring "Tethaime" {+Rage MR+ HP+10 Slay+4}

@: lethally poisoned, exhausted, stone skin, liquefying, no scrolls, repel
missiles, slowed movement, drained, very slow, incredibly resistant to hostile
enchantments, extremely unstealthy
A: permanent stasis, dig shafts and tunnels, four strong arms, antennae 3, slow
healing 1, weak 2, inability to read while threatened, no stealth, hated by all,
inability to train armour, vulnerability to harm 1
a: Dig, Shaft Self, Draw Out Power, Power Leap, Apocalypse, Renounce Religion,
Evoke Twister
}: 2/15 runes: decaying, serpentine


You were on level 4 of the Vaults.
You worshipped Ru.
Ru was exalted by your worship.
You were not hungry.

You visited 8 branches of the dungeon, and saw 46 of its levels.
You also visited: Labyrinth and Ice Cave.

You collected 6716 gold pieces.
You spent 2753 gold pieces at shops.


Innate Abilities, Weirdness & Mutations

You are under a permanent stasis effect.
You can dig through walls and to a lower floor.
Your four strong arms can wield two-handed weapons with a shield.
You have a pair of large antennae on your head (SInv).
You heal slowly when monsters are visible.
You are very weak. (Str -4)
You cannot read scrolls while threatened.
You cannot be stealthy.
You are hated by all.
You cannot train Armour skill.
You take slightly more damage. (-3 AC)


   Skills:
 + Level 13.0(12.2) Fighting
   Level 8.0(7.4) Short Blades
 - Level 12.0(11.2) Staves
 + Level 11.2(10.5) Dodging
 - Level 10.1(9.4) Shields
 - Level 13.4(12.6) Spellcasting
 - Level 13.3(12.6) Conjurations
 - Level 7.8(7.1) Charms
 - Level 3.0(2.4) Necromancy
 - Level 6.9(6.3) Translocations
 - Level 1.1(0.5) Transmutations
 - Level 21.5(20.6) Earth Magic
 - Level 18.8(18.0) Evocations


You had 7 spell levels left.
You knew the following spells:

 Your Spells              Type           Power        Failure   Level  Hunger
a - Stoneskin             Trmt/Erth      #######.     1%          2    None
c - Bolt of Magma         Conj/Fire/Erth #######...   1%          5    ##.....
d - Repel Missiles        Chrm/Air       ###...       1%          2    None
g - Regeneration          Chrm/Necr      #####.....   1%          3    None
p - Passage of Golubria   Tloc           N/A          2%          4    None
s - Swiftness             Chrm/Air       ###.....     1%          2    None
v - Iron Shot             Conj/Erth      ########..   1%          6    #####..
x - Stone Arrow           Conj/Erth      ######       0%          3    None
z - Magic Dart            Conj           ####         1%          1    None
C - Leda's Liquefaction   Hex/Erth       #######...   1%          4    None
X - Lee's Rapid Deconstr  Erth           ########..   1%          5    ##.....
Z - Iskenderun's Battles  Conj/Chrm      ######..     1%          5    ##.....

Inventory:

Hand weapons
 b - a +0 blowgun
Missiles
 k - 15 curare-tipped needles
 v - 5 throwing nets (quivered)
Armour
 s - a +2 shield (worn)
 A - the +2 pair of boots of the Assassin (worn) {Stlth++}
   (You acquired it on level 4 of the Vaults)

   It makes you much more stealthy.
 F - a +2 robe of resistance (worn)
 N - the +2 pair of gloves of the Realm of Zot (worn) {+Twstr}
   (You found it on level 12 of the Dungeon)

   It can be evoked to create a twister.
 T - a +2 cloak of magic resistance (worn)
Magical staves
 a - an uncursed staff of earth (weapon)
Rods
 d - a +8 rod of clouds (7/17) {!a}
   (You took it off a minotaur in a labyrinth)
Jewellery
 D - the ring of Winter (right hand) {+Rage EV+5}
   (You took it off a deep elf sorcerer on level 3 of the Elven Halls)

   [ring of evasion]

   It affects your evasion (+5).
   It lets you go berserk.
 M - an amulet of the gourmand (around neck)
 R - the ring "Tethaime" (left hand) {+Rage MR+ HP+10 Slay+4}
   (You found it in a labyrinth)

   [ring of protection from magic]

   It affects your accuracy and damage with ranged weapons and melee attacks
   (+4).
   It affects your resistance to hostile enchantments.
   It affects your health (+10).
   It lets you go berserk.
 V - an uncursed ring of wizardry
Magical devices
 n - a wand of fire (4)
 r - a wand of digging (9)
 u - a wand of cold (9)
 y - a wand of draining (2)
 O - a wand of heal wounds (4) {!d}
 Y - a wand of disintegration (10)
Scrolls
 g - 14 scrolls of remove curse
 j - 5 scrolls of silence
 w - 4 scrolls of immolation {!r}
 B - 3 scrolls of vulnerability {!r}
 H - 6 scrolls of magic mapping
 I - 2 scrolls of holy word
 J - 10 scrolls of identify
 K - 3 scrolls of fog
Potions
 e - 11 potions of might
 f - 5 potions of agility
 h - 12 potions of curing
 m - 7 potions of brilliance
 p - 3 potions of invisibility
 q - 5 potions of magic
 t - 2 potions of ambrosia {!q}
 z - 2 potions of cancellation
 E - 9 potions of heal wounds
 G - a potion of resistance
Miscellaneous
 i - a disc of storms
 X - a lantern of shadows
Comestibles
 C - 12 royal jellies

Dungeon Overview and Level Annotations

Branches:
Dungeon (15/15)            Temple (1/1) D:7            Lair (8/8) D:11
  Swamp (5/5) Lair:4        Snake (5/5) Lair:4        Slime (0/6) Lair:8
    Orc (4/4) D:12            Elf (3/3) Orc:4        Vaults (5/5) D:13
  Crypt (0/3) Vaults:3     Depths (0/5) D:15

Altars:
Ashenzari
Cheibriados
Dithmenos
Elyvilon
Fedhas
Gozag
Kikubaaqudgha
Makhleb
Nemelex Xobeh
Okawaru
Qazlal
Ru
Sif Muna
Trog
Vehumet
Xom
Yredelemnul
Zin
The Shining One
Beogh
Jiyva

Shops:
D:9 *   D:11 %   D:12 =   Orc:2 *   Orc:4 %}?   Elf:1 %   Snake:5 =
Vaults:1 %   Vaults:3 [

Portals:
Hell: Lair:8

Annotations:
Elf:2 runed door

#.......##########...#########'#.
#................................
#..............##########..####'#
#..............#........#..#.....
#..............#........#..#.....
#..............#........#..#.....
#..............#.[......#..#.....
#..............#........#..#[....
#..............#aC......#..#.....
#..............#pCp.....#..#.....
#..............#W8......#..######
#..............#........#........
#..............'........#........
#..............#........#........
#..............#........#........
#..............#........#........
#..............##########........


You could see a stone giant (blind), 2 vault guards, an ettin, a war gargoyle
and a freezing wraith.


Message History

The vault guard hits you with a long sword!
You focus your will and blind the vault guard in retribution!
The stone giant hits you!!
* * * LOW HITPOINT WARNING * * *
You focus your will and illuminate the stone giant in retribution!
The freezing wraith closely misses you. x2
You feel sick.
The war gargoyle begins to attack, but is stunned by your will!
The stone giant hits you!!
* * * LOW HITPOINT WARNING * * *
The stone giant hits you!
* * * LOW HITPOINT WARNING * * *
Unknown command.
Evoke which item? (* to show all) (? for menu, Esc to quit)
Zapping:
O - a wand of heal wounds (6) {!d} You feel much better.
This wand has 5 charges left.
You feel sick. The vault guard barely misses you. The ettin closely misses you.
The ettin hits you with a dire flail!!!
* * * LOW HITPOINT WARNING * * *
The stone giant hits you!
* * * LOW HITPOINT WARNING * * *
You focus your will and blind the stone giant in retribution!
Enter note: oops Evoke which item? (* to show all) (? for menu, Esc to quit)
Zapping:
O - a wand of heal wounds (5) {!d} You feel much better.
This wand has 4 charges left.
You feel sick. You block the vault guard's attack.
The stone giant completely misses you.
The ettin becomes momentarily stuck in the liquid earth.
The ettin hits you with a dire flail!!
You die...

Action                   |  1- 3 |  4- 6 |  7- 9 | 10-12 | 13-15 | 16-18 | 19-21 | 22-24 || total
-------------------------+-------+-------+-------+-------+-------+-------+-------+-------++-------
Melee: Unarmed           |    36 |     3 |     8 |       |       |       |       |       ||    47
       Quarterstaff      |       |     1 |    16 |       |       |       |       |       ||    17
       Short sword       |       |       |     6 |       |   472 |   620 |   224 |       ||  1322
       Dagger            |       |       |       |    15 |    37 |       |       |       ||    52
       Spear             |       |       |       |     1 |       |       |       |       ||     1
       Staff             |       |       |       |       |       |       |   429 |   607 ||  1036
 Fire: Blowgun           |       |       |       |       |     1 |     1 |       |       ||     2
 Cast: Sandblast         |    45 |   137 |    77 |   105 |       |       |       |       ||   364
       Stone Arrow       |       |     2 |   133 |   393 |   265 |   251 |   239 |    12 ||  1295
       Lee's Rapid Decon |       |       |       |    13 |    11 |    27 |    10 |    41 ||   102
       Stoneskin         |       |       |       |     4 |    10 |    14 |     8 |     5 ||    41
       Repel Missiles    |       |       |       |     3 |     1 |    10 |     8 |     5 ||    27
       Magic Dart        |       |       |       |    23 |   633 |   489 |   541 |       ||  1686
       Iskenderun's Batt |       |       |       |    10 |   158 |   125 |   149 |     1 ||   443
       Leda's Liquefacti |       |       |       |     3 |     1 |       |       |     2 ||     6
       Swiftness         |       |       |       |     1 |       |       |       |       ||     1
       Iron Shot         |       |       |       |       |    57 |   108 |    72 |    15 ||   252
       Regeneration      |       |       |       |       |       |       |    25 |    22 ||    47
       Bolt of Magma     |       |       |       |       |       |       |    62 |   140 ||   202
Invok: Sacrifice Words   |       |       |       |     1 |       |       |       |       ||     1
       Sacrifice Love    |       |       |       |     1 |       |       |       |       ||     1
       Sacrifice Purity  |       |       |       |     1 |     2 |       |       |       ||     3
       Reject Sacrifices |       |       |       |     1 |       |       |       |       ||     1
       Draw Out Power    |       |       |       |       |    10 |     8 |     8 |     2 ||    28
       Sacrifice Durabil |       |       |       |       |     1 |       |       |       ||     1
       Sacrifice Health  |       |       |       |       |     1 |       |       |       ||     1
       Sacrifice Stealth |       |       |       |       |     1 |       |       |       ||     1
       Power Leap        |       |       |       |       |     2 |     2 |     1 |       ||     5
       Apocalypse        |       |       |       |       |       |     1 |     2 |     3 ||     6
 Abil: Dig               |       |       |     2 |     6 |     3 |       |     5 |       ||    16
       Shaft Self        |       |       |     2 |       |       |       |     2 |       ||     4
Evoke: Wand              |       |       |       |     1 |     6 |     2 |     3 |     2 ||    14
       Rod               |       |       |       |       |     1 |     8 |    22 |     5 ||    36
       Lamp of fire      |       |       |       |       |       |     1 |       |       ||     1
  Use: Potion            |       |     2 |     3 |       |       |       |     1 |     1 ||     7
       Scroll            |       |     2 |    14 |    10 |    12 |    10 |     9 |     3 ||    60
 Stab: Paralysed         |       |       |       |       |    16 |     8 |    20 |    21 ||    65
       Invisible         |       |       |       |       |     2 |     3 |    10 |     2 ||    17
       Petrified         |       |       |       |       |     2 |       |       |       ||     2
       Distracted        |       |       |       |       |       |     1 |     2 |       ||     3
  Eat: Chunk             |     3 |     8 |    20 |    47 |   116 |   113 |    90 |    37 ||   434
       Pizza             |       |       |     1 |       |     1 |       |     1 |       ||     3
       Beef jerky        |       |       |       |     3 |     1 |     2 |     1 |       ||     7
       Fruit             |       |       |       |    10 |       |       |     2 |       ||    12
       Meat ration       |       |       |       |       |       |       |     2 |       ||     2
       Royal jelly       |       |       |       |       |       |       |       |     2 ||     2

Vault maps used:
D:1:      dpeg_arrival_water_fire
D:3:      nicolae_overflow_hidden_temple, serial_undead, serial_undead_e,
          serial_undead_e, serial_undead_d, serial_undead_e, serial_undead_c,
          first_bread, fedhas_altar_1
D:4:      nicolae_gozag_cash_rules_everything_around_me
D:5:      lemuel_round_altar, lexackson_kobold_supper
D:6:      lightli_temple_of_fire, okawaru_ov_weapons_minmay, uniq_blork_the_orc,
          uniq_grinder
D:7:      gammafunk_temple_overflow_statue, minmay_temple_entry_glass
D:8:      grunt_qazlal_clouds
D:9:      serial_shops, kennysheep_little_box, hangedman_pestilent_swarm,
          evilmike_ruin_ashenzari
D:10:     kennysheep_generic_room_4
D:11:     lemuel_slime, lair_0_dummy, serial_shops, shop_statue
D:12:     zombieorc1_lemuel, serial_shops, nicolae_shop_behind_doors
D:13:     erik_vaults_1, serial_ice, serial_ice_o, serial_ice_l, serial_ice_a,
          serial_ice_n, portal_ice_cave_entry_imps, uniq_nessos
D:14:     basic_altar, uniq_rupert, uniq_roxanne, uniq_josephine
D:15:     grunt_enter_depths_hoard, kennysheep_crisscross
Temple:   minmay_temple_curvy_14
Lair:1:   uniq_erica, uniq_nergalle
Lair:2:   beast_lair_carwin_5
Lair:3:   wad_woods_minihive, lab_entry_generic, roderic_batcave
Lair:4:   swamp_mist, guppyfry_snake_entry_garden, uniq_fannar, uniq_maud
Lair:5:   st_stairs_6
Lair:6:   infiniplex_staircase_pool_2, serial_bayou_shore_b
Lair:7:   st_stairs_8, serial_bayou_ford_a, wad_woods_02, serial_bayou_shore_b,
          serial_bayou_shore_b, infiniplex_staircase_pool
Lair:8:   evil_forest, slime_altar_1
Swamp:1:  hangedman_swamp_lotus
Swamp:2:  evilmike_swamp_ruin_house_1, uniq_saint_roka
Swamp:3:  evilmike_swamp_ruin_house_3, swamp_pool1, uniq_agnes, uniq_asterion
Swamp:4:  nicolae_swamp_round_clearing, swamp_pool3, uniq_norris, uniq_jorgrun
Swamp:5:  swamp_alternative, uniq_snorg
Snake:1:  special_room, uniq_azrael
Snake:2:  hangedman_cross_stitches, basic_altar, uniq_vashnia, uniq_aizul,
          uniq_louise
Snake:3:  basic_altar
Snake:4:  nicolae_snake_single_loop
Snake:5:  grunt_snake_rune_pools, serial_shops, shop
Orc:1:    basic_altar, david_defended_altar_orc
Orc:2:    serial_shops, nicolae_shop_statue_plus, basic_altar
Orc:3:    basic_altar, nicolae_orc_pool_cavern, mines2_david
Orc:4:    st_orc_ogre_mass, uniq_harold
Elf:1:    eino_elf_arrival_shootout, serial_shops, shop_statue, orc_legates
Elf:3:    minmay_elf_hall_hex, grunt_megastairs_3, uniq_wiglaf
Vaults:1: hangedman_vaults_unwind, vaults_room_grunt_arrival_checkpoint,
          nicolae_vaults_little_ls, nicolae_vaults_little_squares_6,
          nicolae_vaults_little_squares_4, nicolae_vaults_shelves_hall,
          serial_shops, shop
Vaults:2: nicolae_vaults_big_angled_halls, ontoclasm_vaults_spin,
          grunt_vaults_trifunnel, hangedman_vaults_locks, v_misc_19,
          hangedman_vaults_stream, v_misc_22, ontoclasm_vaults_misaligned,
          vaults_dpeg_cross, vaults_room_hallway, vaults_room_fours
Vaults:3: v_misc_10, nicolae_vaults_ring_of_whatevers, vaults_mumra_hexcomb,
          v_rooms_5, nicolae_vaults_big_angled_halls,
          nicolae_vaults_ring_of_whatevers, nicolae_vaults_what_the_h,
          hangedman_vaults_slice, minmay_crypt_entry_necro_gods,
          dpeg_vaults_monster_row, grunt_vaults_hallway_long,
          vaults_room_ringed_pool, v_misc_15, serial_shops, shop
Vaults:4: v_alt_pattern_2, hangedman_vaults_pinch, grunt_vaults_swirl,
          kb_rosetta, hangedman_vaults_trim, v_misc_29,
          vaults_room_grunt_arrival_ludios, nicolae_vaults_hallways_thing,
          nicolae_vaults_asterisk
Vaults:5: uniq_sojobo
Lab:      labyrinth_watery, nicolae_lab_t_cross, nicolae_lab_quarters,
          labyrinth_glass_1, lab_fountain, nicolae_lab_dead_end,
          nicolae_lab_grate, nicolae_lab_flowing_pool,
          nicolae_lab_very_dead_end, nicolae_lab_swirl
IceCv:    ice_cave_statue_garden_02

Notes
Turn   | Place    | Note
--------------------------------------------------------------
     0 | D:1      | MarvinPA, the Formicid Earth Elementalist, began the quest for the Orb.
     0 | D:1      | Reached XP level 1. HP: 13/13 MP: 3/3
   711 | D:1      | Reached XP level 2. HP: 19/19 MP: 0/6
   773 | D:1      | Learned a level 2 spell: Stoneskin
  1066 | D:2      | Reached skill level 4 in Earth Magic
  1463 | D:2      | Reached XP level 3. HP: 24/24 MP: 4/7
  1814 | D:2      | Learned a level 3 spell: Stone Arrow
  2006 | D:3      | Reached skill level 3 in Spellcasting
  2009 | D:3      | Reached XP level 4. HP: 30/30 MP: 4/10
  2186 | D:2      | Reached skill level 5 in Earth Magic
  2404 | D:3      | Reached XP level 5. HP: 35/35 MP: 12/14
  2423 | D:3      | Learned a level 3 spell: Passwall
  2758 | D:3      | Reached skill level 4 in Spellcasting
  3102 | D:3      | Found a blossoming altar of Fedhas.
  3243 | D:3      | Found a shadowy altar of Dithmenos.
  3532 | D:4      | Found an opulent altar of Gozag.
  3544 | D:4      | Reached skill level 6 in Earth Magic
  3544 | D:4      | Reached XP level 6. HP: 32/41 MP: 11/17
  4179 | D:4      | Reached skill level 5 in Spellcasting
  4361 | D:4      | Reached XP level 7. HP: 46/46 MP: 14/20
  4883 | D:5      | Entered Level 5 of the Dungeon
  4888 | D:5      | Reached skill level 7 in Earth Magic
  5030 | D:5      | Learned a level 5 spell: Lee's Rapid Deconstruction
  5034 | D:5      | Noticed Aryth's ghost (experienced DDFi)
  5286 | D:5      | Reached skill level 1 in Conjurations
  5457 | D:5      | Reached skill level 2 in Conjurations
  5457 | D:5      | Reached XP level 8. HP: 52/52 MP: 12/22
  5677 | D:5      | Reached skill level 8 in Earth Magic
  5984 | D:5      | Killed Aryth's ghost
  5984 | D:5      | Reached skill level 3 in Conjurations
  5984 | D:5      | Reached skill level 9 in Earth Magic
  6112 | D:5      | Reached skill level 4 in Conjurations
  6162 | D:5      | Found a radiant altar of Vehumet.
  6665 | D:6      | Noticed Blork the orc
  6668 | D:6      | im a tree
  6669 | D:6      | Reached XP level 9. HP: 57/57 MP: 7/23
  6698 | D:6      | HP: 3/57 [something/magic dart (7)]
  6699 | D:6      | oh
  6703 | D:6      | Noticed Grinder
  6710 | D:6      | You fall through a shaft for 3 floors!
  6826 | D:9      | Found Qarixuna's General Store.
  6970 | D:9      | Found a shattered altar of Ashenzari.
  7118 | D:9      | Reached skill level 5 in Conjurations
  7216 | D:8      | Reached skill level 10 in Earth Magic
  7440 | D:8      | Learned a level 4 spell: Leda's Liquefaction
  7633 | D:7      | Found a staircase to the Ecumenical Temple.
  7694 | Temple   | Entered the Ecumenical Temple
  7916 | Temple   | Became a worshipper of Ru the Awakened
  8147 | D:6      | Found an iron altar of Okawaru.
  8321 | D:5      | Reached skill level 6 in Conjurations
  8504 | D:6      | Killed Blork the orc
  8631 | D:6      | Killed Grinder
  8736 | D:6      | You fall through a shaft for 3 floors!
  8743 | D:9      | Reached skill level 11 in Earth Magic
  9098 | D:9      | Bought a +0 robe of resistance for 332 gold pieces
  9176 | D:9      | Reached XP level 10. HP: 61/63 MP: 14/24
  9301 | D:9      | Reached skill level 7 in Conjurations
  9585 | D:7      | Gained mutation: You cannot read scrolls while threatened. [Ru sacrifice]
  9585 | D:7      | Acquired Ru's first power
  9665 | D:7      | Found a stormy altar of Qazlal.
  9666 | D:7      | Found a shimmering altar of Xom.
 10681 | D:6      | Found a burning altar of Makhleb.
 11295 | D:8      | Reached skill level 12 in Earth Magic
 11757 | D:8      | Reached skill level 8 in Conjurations
 12026 | D:8      | Gained mutation: You are hated by all. [Ru sacrifice]
 12026 | D:8      | Acquired Ru's second power
 12027 | D:8      | :'(
 12027 | D:8      | SGrunt: You feel threatened and lose the ability to play Crawl1
 12132 | D:8      | Found a stormy altar of Qazlal.
 12919 | D:9      | SGrunt: ant vault
 13120 | D:9      | SGrunt: The bat hits itself but does no damage.
 13442 | D:10     | Entered Level 10 of the Dungeon
 13602 | D:10     | Reached skill level 13 in Earth Magic
 13636 | D:10     | Learned a level 2 spell: Swiftness
 13773 | D:10     | Reached skill level 1 in Charms
 13925 | D:10     | Noticed trelanon's ghost (powerful VSWr)
 13931 | D:10     | Killed trelanon's ghost
 13931 | D:10     | Reached skill level 6 in Spellcasting
 13931 | D:10     | Reached skill level 2 in Charms
 13931 | D:10     | Reached XP level 11. HP: 68/68 MP: 9/26
 14015 | D:10     | Learned a level 2 spell: Repel Missiles
 14030 | D:10     | Reached skill level 3 in Charms
 14825 | D:10     | Reached skill level 4 in Charms
 14904 | D:11     | Reached skill level 7 in Spellcasting
 14937 | D:11     | Noticed a white ugly thing
 14944 | D:11     | Killed a white ugly thing
 14944 | D:11     | Reached skill level 2 in Fighting
 15334 | D:11     | SGrunt: please tell me "Sacrifice Hand" lists its cost as "Hand"
 15334 | D:11     | i hope so
 15334 | D:11     | Gained mutation: You heal slowly when monsters are visible. [Ru sacrifice]
 15567 | D:11     | Reached skill level 3 in Fighting
 15908 | D:11     | Noticed a hill giant
 15913 | D:11     | Killed a hill giant
 15913 | D:11     | Reached skill level 4 in Fighting
 15913 | D:11     | Reached skill level 8 in Spellcasting
 15975 | D:11     | Learned a level 3 spell: Regeneration
 15979 | D:11     | Found Planu's Food Boutique.
 15989 | D:11     | Found a staircase to the Lair.
 16089 | D:11     | Noticed a brown ugly thing
 16094 | D:11     | Killed a brown ugly thing
 16094 | D:11     | Reached skill level 1 in Necromancy
 16312 | D:11     | Noticed an oklob plant
 16534 | D:11     | Killed an oklob plant
 16534 | D:11     | Reached skill level 5 in Charms
 16534 | D:11     | Reached skill level 2 in Necromancy
 16622 | D:11     | Noticed a cyclops
 16624 | D:11     | Killed a cyclops
 16850 | D:11     | Reached skill level 3 in Necromancy
 16892 | D:11     | Reached skill level 2 in Dodging
 16892 | D:11     | Reached XP level 12. HP: 72/84 MP: 8/29
 17305 | D:11     | Reached skill level 5 in Fighting
 17313 | D:11     | Reached skill level 3 in Dodging
 17734 | D:12     | Reached skill level 6 in Fighting
 17830 | D:12     | Reached skill level 4 in Dodging
 18000 | D:12     | Found a staircase to the Orcish Mines.
 18281 | D:12     | help
 18698 | D:12     | Reached skill level 7 in Fighting
 18732 | D:12     | Reached skill level 5 in Dodging
 19067 | D:12     | Got a pair of pitted gloves
 19078 | D:12     | Identified the +2 pair of gloves of the Realm of Zot {+Twstr} (You found it on level 12 of the Dungeon)
 19078 | D:12     | ...................................
 19078 | D:12     | ....................................................................................................................................................................................................
 19078 | D:12     | .
 19083 | D:12     | well at least i can battlesphere
 19083 | D:12     | why did i learn passwall anyway
 19094 | D:12     | Learned a level 5 spell: Iskenderun's Battlesphere
 19094 | D:12     | i should cast that someday
 19097 | D:12     | Learned a level 1 spell: Magic Dart
 19131 | D:12     | aaa
 19131 | D:12     | what happened to my mutes
 19165 | D:12     | Found Pyohos' Jewellery Shop.
 19264 | D:12     | Reached skill level 9 in Conjurations
 19672 | Lair:1   | Entered Level 1 of the Lair of Beasts
 19742 | Lair:1   | Noticed Nergalle
 19798 | Lair:1   | ow
 19801 | Lair:1   | did she just quaff healing under ddoor
 20216 | D:11     | Killed Nergalle
 20547 | Lair:1   | Reached skill level 9 in Spellcasting
 20672 | Lair:1   | Noticed Erica
 20680 | Lair:1   | Killed Erica
 20786 | Lair:1   | Reached XP level 13. HP: 65/96 MP: 9/31
 20986 | Lair:1   | wow 2 scrolls of silence
 21890 | Lair:2   | Gained mutation: You are weak. (Str -2) [Ru sacrifice]
 21890 | Lair:2   | Acquired Ru's third power
 22017 | Lair:2   | Reached skill level 10 in Conjurations
 22051 | Lair:2   | Reached skill level 10 in Spellcasting
 22763 | Lair:2   | Learned a level 6 spell: Iron Shot
 22907 | Lair:2   | ow
 23561 | Lair:3   | Reached skill level 11 in Conjurations
 23748 | Lair:3   | Found a labyrinth entrance.
 23773 | Lab      | Entered a labyrinth
 23953 | Lab      | SGrunt: "This ability costs: nothing."
 23953 | Lab      | SGrunt: a Hand!!!
 23953 | Lab      | but the ring cost
 23993 | Lab      | SGrunt: as in I am excited about showing the hand cost
 23993 | Lab      | oh ok
 23993 | Lab      | yes it's good
 24024 | Lab      | SGrunt: thanks elliptic(?)
 24312 | Lab      | Noticed a minotaur
 24314 | Lab      | hmm
 24314 | Lab      | SGrunt: good
 24320 | Lab      | good self-poisoning
 24325 | Lab      | Killed a minotaur
 24338 | Lab      | Identified a +4 rod of clouds (3/14) {!a} (You took it off a minotaur in a labyrinth)
 24505 | Lab      | Got a smoking bronze ring
 24506 | Lab      | Got a bloodstained short sword
 24507 | Lab      | Identified the +10 short sword "Studery" {drain, +Inv +Fly Str+3} (You found it in a labyrinth)
 24508 | Lab      | ok
 24509 | Lab      | Identified the ring "Tethaime" {+Rage MR+ HP+10 Slay+4} (You found it in a labyrinth)
 24510 | Lab      | o k
 24510 | Lab      | SGrunt: . . . . . .
 24534 | Lair:3   | Gained mutation: You cannot train Armour skill. [Ru sacrifice]
 24534 | Lair:3   | Acquired Ru's fourth power
 24536 | Lair:3   | SGrunt: POWER LEAP!!!
 25094 | Lair:3   | Reached skill level 14 in Earth Magic
 25730 | Lair:3   | Got a faintly humming scale mail
 25845 | Lair:3   | Identified the +1 scale mail "Liuprit" {*Rage Noisy MP+5} (You found it on level 3 of the Lair of Beasts)
 26037 | Lair:4   | Reached XP level 14. HP: 103/103 MP: 13/33
 26261 | Lair:4   | Noticed Maud
 26280 | Lair:4   | Killed Maud
 26420 | Lair:4   | Found a staircase to the Snake Pit.
 26760 | Lair:4   | Reached skill level 1 in Shields
 26859 | Lair:4   | Reached skill level 2 in Shields
 26965 | Lair:4   | Noticed Fannar
 26974 | Lair:4   | Killed Fannar
 26974 | Lair:4   | Reached skill level 3 in Shields
 26974 | Lair:4   | Reached skill level 6 in Charms
 27240 | Lair:4   | Reached skill level 1 in Short Blades
 27363 | Lair:4   | Gained mutation: You take slightly more damage. (-3 AC) [Ru sacrifice]
 27363 | Lair:4   | Acquired Ru's fifth power
 27435 | Lair:4   | Found a staircase to the Swamp.
 27656 | Lair:5   | Reached skill level 2 in Short Blades
 27656 | Lair:5   | Reached skill level 6 in Dodging
 28024 | Lair:5   | Reached skill level 3 in Short Blades
 28051 | Lair:5   | Identified a wand of teleportation
 28508 | Lair:5   | Reached skill level 4 in Short Blades
 29265 | Lair:6   | Reached skill level 7 in Dodging
 29459 | Lair:6   | Gained mutation: You cannot be stealthy. [Ru sacrifice]
 29459 | Lair:6   | Reduced skill Stealth to level 0
 30068 | Lair:6   | Reached skill level 5 in Short Blades
 31105 | Lair:7   | Reached skill level 6 in Short Blades
 31489 | Lair:7   | Reached skill level 12 in Conjurations
 31910 | Lair:7   | Gained mutation: You are very weak. (Str -4) [Ru sacrifice]
 32034 | Lair:8   | Entered Level 8 of the Lair of Beasts
 32042 | Lair:8   | Reached XP level 15. HP: 108/108 MP: 22/34
 32156 | Lair:8   | Identified a wand of heal wounds
 32253 | Lair:8   | Reached skill level 15 in Earth Magic
 32267 | Lair:8   | Noticed asdu's ghost (powerful DrTm)
 32707 | Lair:8   | Noticed zkyp's ghost (powerful TeHu)
 32725 | Lair:8   | Killed zkyp's ghost
 33289 | Lair:8   | Found a viscous altar of Jiyva.
 33289 | Lair:8   | Found a staircase to the Slime Pits.
 34104 | Lair:8   | Killed asdu's ghost
 34884 | Lair:8   | Reached skill level 13 in Conjurations
 34900 | Lair:8   | Reached skill level 16 in Earth Magic
 35172 | Lair:8   | Noticed achirane's ghost (powerful TrMo)
 35186 | Lair:8   | Killed achirane's ghost
 35563 | Lair:8   | Found a burning altar of Makhleb.
 36388 | Lair:8   | Found a gateway to Hell.
 36699 | Orc:1    | Entered Level 1 of the Orcish Mines
 36832 | Orc:1    | Found a roughly hewn altar of Beogh.
 36966 | Orc:1    | Reached skill level 1 in Evocations
 36978 | Orc:1    | Found a roughly hewn altar of Beogh.
 37112 | Orc:1    | You fall through a shaft!
 37333 | Orc:2    | Found Xeomaeg's Assorted Antiques.
 37343 | Orc:2    | Bought a potion of heal wounds for 165 gold pieces
 37343 | Orc:2    | Bought a scroll of identify for 66 gold pieces
 37343 | Orc:2    | Bought 2 dark potions for 59 gold pieces
 37381 | Orc:2    | Reached skill level 2 in Evocations
 37833 | Orc:2    | Found a roughly hewn altar of Beogh.
 38218 | Orc:3    | Found a roughly hewn altar of Beogh.
 38544 | Orc:3    | Reached skill level 3 in Evocations
 38699 | Orc:4    | Entered Level 4 of the Orcish Mines
 39058 | Orc:3    | Reached skill level 11 in Spellcasting
 39197 | Orc:3    | Reached XP level 16. HP: 85/115 MP: 14/35
 39340 | Orc:4    | Reached skill level 4 in Evocations
 39617 | Orc:4    | Noticed Harold
 39625 | Orc:4    | Killed Harold
 39625 | Orc:4    | Reached skill level 5 in Evocations
 39891 | Orc:4    | Found Uclim's Food Shop.
 39891 | Orc:4    | Found Rureho's General Store.
 39891 | Orc:4    | Found Voigoi's Gadget Shoppe.
 39891 | Orc:4    | Found Iceereic's Magic Scroll Boutique.
 39959 | Orc:4    | Bought a lamp of fire for 600 gold pieces
 40111 | Orc:4    | Found a staircase to the Elven Halls.
 40166 | Orc:3    | Found a roughly hewn altar of Beogh.
 40445 | D:12     | Bought the amulet "Teniunk" {Spirit MP+5 Int+3 Slay+2} for 723 gold pieces
 40671 | D:13     | Noticed Nessos
 40692 | D:13     | HP: 11/125 [Nessos/poisoned arrow (14)]
 40706 | D:13     | Killed Nessos
 40706 | D:13     | Reached skill level 6 in Evocations
 40785 | D:13     | Found a gate to the Vaults.
 40851 | D:13     | Found a frozen archway.
 41033 | IceCv    | Entered an ice cave
 41106 | IceCv    | Reached skill level 7 in Short Blades
 41255 | IceCv    | Identified the Grimoire of the Entourage and Fascination
 41361 | D:13     | Reached skill level 7 in Evocations
 42497 | D:14     | Reached skill level 8 in Short Blades
 42497 | D:14     | Reached skill level 8 in Evocations
 42674 | D:14     | Found a bloodstained altar of Trog.
 42960 | D:14     | Noticed Roxanne
 43049 | D:14     | Killed Roxanne
 43510 | D:14     | Reached skill level 9 in Evocations
 43514 | D:14     | Noticed Rupert
 43520 | D:14     | Killed Rupert
 43704 | D:14     | Reached skill level 17 in Earth Magic
 44362 | D:14     | Noticed Josephine
 44366 | D:14     | Killed Josephine
 44541 | D:14     | Reached XP level 17. HP: 120/120 MP: 17/36
 44693 | D:15     | Entered Level 15 of the Dungeon
 44704 | D:15     | Identified a scroll of acquirement
 44729 | D:15     | Reached skill level 10 in Evocations
 46251 | D:15     | Found a staircase to the Depths.
 46816 | Snake:1  | Entered Level 1 of the Snake Pit
 46820 | Snake:1  | Reached skill level 11 in Evocations
 46987 | Snake:1  | Noticed Azrael
 47032 | Snake:1  | Killed Azrael
 48323 | Snake:2  | Reached skill level 12 in Spellcasting
 48694 | Snake:2  | Reached skill level 12 in Evocations
 48872 | Snake:2  | SGrunt: time to take the rune vault by storm??
 48872 | Snake:2  | ho ho ohohdfskjdffhgsda
 48916 | Snake:2  | Reached skill level 4 in Shields
 49009 | Snake:2  | Noticed Aizul
 49020 | Snake:2  | Killed Aizul
 49240 | Snake:2  | Noticed Vashnia
 49274 | Snake:2  | Reached skill level 5 in Shields
 49608 | Snake:2  | Reached skill level 6 in Shields
 49660 | Snake:2  | Killed Vashnia
 49827 | Snake:2  | Reached skill level 7 in Shields
 49981 | Snake:2  | Noticed Louise
 50007 | Snake:2  | Killed Louise
 50142 | Snake:2  | Found a shadowy altar of Dithmenos.
 50767 | Snake:3  | Found a shadowy altar of Dithmenos.
 51139 | Snake:3  | Reached skill level 8 in Fighting
 51273 | Snake:3  | Reached skill level 18 in Earth Magic
 51345 | Snake:3  | Reached XP level 18. HP: 69/129 MP: 15/37
 53166 | Snake:4  | Reached skill level 9 in Fighting
 53955 | Snake:5  | Entered Level 5 of the Snake Pit
 53981 | Snake:5  | Found Araoran's Jewellery Shoppe.
 54564 | Snake:4  | oh yeah
 54568 | Snake:4  | Reached skill level 10 in Fighting
 55202 | Snake:5  | Reached skill level 19 in Earth Magic
 55799 | Snake:5  | Reached skill level 11 in Fighting
 56175 | Snake:5  | Reached skill level 13 in Evocations
 56294 | Snake:5  | Reached XP level 19. HP: 96/145 MP: 0/38
 56798 | Snake:5  | Reached skill level 12 in Fighting
 57120 | Snake:5  | Reached skill level 8 in Dodging
 57444 | Snake:5  | Got a serpentine rune of Zot
 58213 | Lair:1   | Upgraded the game from 0.16-a0-3602-g9bd3662 to 0.16-a0-3612-g267631e
 58330 | Swamp:1  | Entered Level 1 of the Swamp
 59471 | Swamp:2  | Reached skill level 13 in Spellcasting
 59474 | Swamp:2  | Reached skill level 9 in Dodging
 59632 | Swamp:2  | Noticed Saint Roka
 60238 | Swamp:2  | Killed Saint Roka
 60238 | Swamp:2  | Reached skill level 8 in Shields
 61131 | Swamp:2  | Identified a potion of resistance
 62086 | Swamp:3  | Reached skill level 9 in Shields
 62237 | Swamp:3  | Noticed Agnes
 62247 | Swamp:3  | Killed Agnes
 62497 | Swamp:3  | Reached skill level 10 in Dodging
 63159 | Swamp:3  | Noticed Asterion
 63179 | Swamp:3  | Killed Asterion
 63179 | Swamp:3  | Reached XP level 20. HP: 62/153 MP: 3/39
 63819 | Swamp:3  | Reached skill level 10 in Shields
 63937 | Swamp:3  | Got a transparent ivory ring
 63939 | Swamp:3  | Identified the cursed ring "Muorch" {+Blink rF+ EV-2} (You found it on level 3 of the Swamp)
 64459 | Swamp:4  | Noticed Norris
 64471 | Swamp:4  | Killed Norris
 64652 | Swamp:4  | Noticed Jorgrun
 64694 | Swamp:4  | Killed Jorgrun
 65354 | Swamp:4  | Reached skill level 1 in Staves
 65820 | Swamp:5  | Entered Level 5 of the Swamp
 65826 | Swamp:5  | Noticed Snorg
 65833 | Swamp:5  | Reached skill level 2 in Staves
 65836 | Swamp:5  | Killed Snorg
 66239 | Swamp:3  | Reached skill level 14 in Evocations
 66458 | Lair:1   | Learned a level 5 spell: Bolt of Magma
 66463 | Lair:1   | Learned a level 4 spell: Passage of Golubria
 66631 | Snake:2  | Reached skill level 3 in Staves
 66702 | Snake:5  | Bought a +5 ring of evasion for 660 gold pieces
 67017 | Swamp:4  | Reached skill level 1 in Translocations
 67338 | Swamp:5  | Reached skill level 2 in Translocations
 67373 | Swamp:5  | Reached skill level 4 in Staves
 67631 | Swamp:5  | Reached skill level 3 in Translocations
 67759 | Swamp:5  | Reached skill level 5 in Staves
 68226 | Swamp:5  | Got a decaying rune of Zot
 68632 | Elf:1    | Entered Level 1 of the Elven Halls
 68940 | Elf:1    | Found Ynabuatos' Food Emporium.
 68963 | Elf:1    | Reached skill level 4 in Translocations
 69506 | Elf:1    | Reached skill level 6 in Staves
 69523 | Elf:1    | You fall through a shaft!
 69959 | Elf:2    | Reached skill level 5 in Translocations
 70194 | Elf:2    | Found a runed gate.
 70194 | Elf:2    | Found a runed gate.
 70195 | Elf:2    | Found a runed gate.
 70577 | Elf:2    | Reached XP level 21. HP: 156/159 MP: 23/40
 70671 | Elf:2    | Reached skill level 7 in Staves
 70974 | Elf:2    | Reached skill level 6 in Translocations
 71410 | Elf:1    | hi who summoned you
 71412 | Elf:1    | You fall through a shaft!
 71413 | Elf:2    | oh ok
 71585 | Elf:1    | Got a heavily runed ring mail
 71596 | Elf:1    | Identified the +5 ring mail of the Imp {rElec MR++} (You acquired it on level 1 of the Elven Halls)
 71629 | Elf:1    | Reached skill level 8 in Staves
 72282 | Elf:3    | Entered Level 3 of the Elven Halls
 72439 | Elf:3    | Noticed Wiglaf
 72451 | Elf:3    | Killed Wiglaf
 73181 | Elf:3    | Reached skill level 7 in Charms
 73187 | Elf:3    | Reached skill level 9 in Staves
 73985 | Elf:3    | Got a flickering copper ring
 74060 | Elf:3    | Reached skill level 10 in Staves
 74613 | Elf:3    | Identified a +1 lightning rod (14/14) {!a} (You took it off a deep elf annihilator on level 3 of the Elven Halls)
 74853 | Elf:3    | Got a twisted eveningstar
 74854 | Elf:3    | Identified the cursed +1 eveningstar of Uncertain Death {venom, +Twstr MR- MP-9} (You took it off a deep elf high priest on level 3 of the Elven Halls)
 74856 | Elf:3    | Identified the ring of Winter {+Rage EV+5} (You took it off a deep elf sorcerer on level 3 of the Elven Halls)
 75123 | Elf:3    | Got a fine rapier
 75124 | Elf:3    | Identified the +3 rapier of Bloodstone {freeze, +Twstr rElec SInv} (You found it on level 3 of the Elven Halls)
 75332 | Elf:3    | Reached skill level 15 in Evocations
 75359 | Elf:3    | Reached XP level 22. HP: 151/165 MP: 21/40
 75930 | Vaults:1 | Entered Level 1 of the Vaults
 76263 | Vaults:1 | Reached skill level 11 in Staves
 76640 | Vaults:1 | Found Cleek's Food Emporium.
 77898 | Vaults:2 | Reached skill level 16 in Evocations
 78083 | Vaults:2 | Reached skill level 12 in Staves
 79312 | Vaults:3 | Found a staircase to the Crypt.
 79312 | Vaults:3 | Found a basalt altar of Yredelemnul.
 79327 | Vaults:3 | Reached skill level 20 in Earth Magic
 79550 | Vaults:3 | Reached skill level 17 in Evocations
 79970 | Vaults:3 | Found Kewit's Antique Armour Shop.
 79974 | Vaults:3 | Reached XP level 23. HP: 171/171 MP: 30/41
 80019 | Vaults:3 | Bought a pair of glowing boots for 148 gold pieces
 80636 | Vaults:3 | Found an ancient bone altar of Kikubaaqudgha.
 81224 | Vaults:4 | Reached skill level 18 in Evocations
 81314 | Vaults:4 | Reached skill level 21 in Earth Magic
 83488 | Vaults:5 | Entered Level 5 of the Vaults
 83498 | Vaults:5 | Reached skill level 11 in Dodging
 83499 | Vaults:5 | Reached XP level 24. HP: 84/180 MP: 19/41
 83781 | Vaults:5 | Reached skill level 13 in Fighting
 83789 | Vaults:4 | HP: 13/192 [ettin/dire flail (45)]
 83789 | Vaults:4 | HP: 2/192 [stone giant (11)]
 83790 | Vaults:4 | oops
 83790 | Vaults:4 | Mangled by an ettin

Vanquished Creatures
  Norris (Swamp:4)
  Saint Roka (Swamp:2)
  Vashnia (Snake:2)
  A deep elf blademaster (Elf:3)
  A lich (Vaults:4)
  A deep elf master archer (Elf:3)
  A sphinx (Vaults:3)
  3 thorn hunters
  Rupert (D:14)
  Agnes (Swamp:3)
  A shadow dragon (Vaults:4)
  Roxanne (D:14)
  10 greater nagas (Snake:5)
  Wiglaf (Elf:3)
  3 fire giants
  11 vault wardens
  Maud (Lair:4)
  13 deep elf sorcerers
  Aizul (Snake:2)
  Louise (Snake:2)
  Jorgrun (Swamp:4)
  16 ironheart preservers
  The ghost of achirane the Brawler, a powerful TrMo of Okawaru (Lair:8)
  2 stone giants
  A war gargoyle (Vaults:5)
  11 deep elf annihilators (Elf:3)
  The ghost of asdu the Martial Artist, a powerful DrTm of Okawaru (Lair:8)
  The ghost of zkyp the Basher, a powerful TeHu of Fedhas (Lair:8)
  Azrael (Snake:1)
  5 deep elf demonologists
  2 dire elephants (Lair:8)
  Snorg (Swamp:5)
  A minotaur (Lab)
  2 fire dragons (Vaults:4)
  An ettin (Vaults:3)
  3 yaktaur captains
  10 deep elf high priests (Elf:3)
  Josephine (D:14)
  4 deep elf death magi (Elf:3)
  24 hydras
  29 vault guards
  3 ice dragons
  Fannar (Lair:4)
  15 naga warriors
  Harold (Orc:4)
  A great orb of eyes (Vaults:3)
  2 ghost crabs (Swamp:3)
  Nessos (D:13)
  Erica (Lair:1)
  16 anacondas
  An alligator (shapeshifter) (Vaults:4)
  20 dancing weapons
  5 deep troll shamans
  A deep troll earth mage (Vaults:2)
  A death yak (D:13)
  7 alligators
  7 ogre magi
  5 centaur warriors
  2 tengu warriors (D:13)
  The ghost of trelanon the Basher, a powerful VSWr of Makhleb (D:10)
  An orc high priest (Elf:1)
  26 naga sharpshooters
  3 shock serpents
  Nergalle (D:11)
  2 fire crabs
  22 deep elf knights
  A sun demon (Lair:8)
  2 catoblepae
  13 skeletal warriors
  2 salamander mystics (Snake:5)
  A shadow wraith (Vaults:5)
  A giant orange brain (Vaults:2)
  A flayed ghost (Vaults:2)
  A fire crab (shapeshifter) (Elf:1)
  10 deep trolls
  A storm dragon skeleton (Vaults:2)
  8 sea snakes (Snake:5)
  3 spriggan druids
  3 naga ritualists
  11 deep elf summoners
  2 unseen horrors
  A lindwurm (Lair:7)
  A hill giant (shapeshifter) (Vaults:3)
  3 ice statues (IceCv)
  10 hill giants
  12 swamp dragons
  2 necromancers
  A shambling mangrove (Swamp:2)
  4 harpies (Vaults:1)
  2 wolf spiders
  3 wizards
  An oklob plant (D:11)
  9 mana vipers
  5 deep elf conjurers
  3 orc sorcerers
  A frost giant zombie (Vaults:4)
  5 ironbrand convokers
  4 manticores
  7 orc knights
  A spectral alligator (Swamp:3)
  35 ugly things
  6 griffons
  A stone giant zombie (Vaults:4)
  7 salamanders
  2 human zombies (Vaults:4)
  4 cyclopes
  A salamander (shapeshifter) (Vaults:4)
  6 hornets
  26 black mambas
  A hornet (shapeshifter) (Vaults:4)
  5 elephants (Lair:8)
  3 large abominations (Elf:1)
  3 orange demons (Lair:8)
  9 vault sentinels
  The ghost of Aryth the Cleaver, an experienced DDFi (D:5)
  A guardian serpent (shapeshifter) (Vaults:4)
  A rust devil (Elf:1)
  2 sixfirhies
  4 guardian serpents
  19 naga magi
  12 komodo dragons
  36 spiny frogs
  2 gargoyles
  A kobold demonologist (D:11)
  A redback zombie (Vaults:2)
  A demonic crawler (Vaults:3)
  4 fire drakes
  A hellwing (Elf:3)
  3 small abominations
  24 yaktaurs
  15 deep elf priests
  10 trolls
  18 two-headed ogres
  8 blue devils
  A queen bee (Lair:3)
  Grinder (D:6)
  4 polar bears
  5 giant leeches
  9 ravens
  12 bog bodies
  7 baby alligators
  21 slime creatures
  A trapdoor spider zombie (D:10)
  A snapping turtle (shapeshifter) (Vaults:4)
  5 trapdoor spiders
  3 boulder beetles
  A centaur simulacrum (D:14)
  12 spriggans
  39 yaks
  5 basilisks
  3 wraiths
  7 redbacks
  32 blink frogs
  3 shadows
  A water elemental (D:13)
  3 wyverns
  10 hippogriffs
  A yaktaur simulacrum (Vaults:2)
  A spriggan (shapeshifter) (Vaults:4)
  5 fire elementals
  2 hill giant zombies (D:12)
  A hog (shapeshifter) (Vaults:3)
  A human (shapeshifter) (Vaults:3)
  35 deep elf fighters
  16 deep elf magi
  A steam dragon (shapeshifter) (Vaults:3)
  35 vampire mosquitoes
  A neqoxec (Elf:1)
  7 wolves
  26 swamp worms
  8 hungry ghosts
  4 wargs
  15 insubstantial wisps
  12 porcupines
  A wolf (shapeshifter) (D:15)
  59 nagas
  4 soldier ants
  46 water moccasins
  A hell hound (Lair:4)
  7 sky beasts
  3 mottled dragons
  10 wasps
  6 black bears
  A necrophage (D:11)
  17 swamp drakes
  A deep dwarf (shapeshifter) (Vaults:3)
  14 ice beasts
  31 orc warriors
  3 phantoms
  2 boring beetles (Lair:8)
  47 ogres
  3 boggarts (Vaults:3)
  A human skeleton (Vaults:2)
  20 crocodiles
  14 centaurs
  29 giant frogs
  2 big kobolds
  A big kobold (shapeshifter) (Vaults:4)
  An earth elemental (Lab)
  Blork the orc (D:6)
  A brain worm (Lair:3)
  2 wyvern zombies
  4 scorpions
  2 wyvern skeletons
  22 killer bees
  9 wights
  4 electric eels
  A vampire bat (Lair:3)
  31 orc priests
  11 crimson imps
  A goliath beetle (D:9)
  18 hounds
  A human simulacrum (Vaults:2)
  11 jellies
  2 wyvern simulacra
  4 centaur zombies
  2 giant frog zombies
  3 quasits
  6 centaur skeletons
  5 giant frog skeletons
  35 orc wizards
  6 hell rats
  14 iguanas
  13 worker ants
  11 sheep
  5 ogre zombies
  An ogre skeleton (Lab)
  3 mummies
  2 hound zombies
  3 worker ant zombies
  A hound skeleton (D:6)
  61 river rats
  27 adders
  8 shadow imps
  14 white imps (D:13)
  A worm (D:2)
  2 ufetubi (D:13)
  An adder skeleton (D:7)
  An adder zombie (D:5)
  10 giant geckos
  214 orcs
  2 ball pythons
  25 bats
  2 bat skeletons
  2 bat zombies
  24 goblins
  23 hobgoblins
  7 jackals
  13 oozes
  12 quokkas
  3 giant cockroaches
  A giant gecko skeleton (D:4)
  3 giant newts
  3 goblin skeletons (D:12)
  2 goblin zombies (D:12)
  2 hobgoblin zombies (D:12)
  25 kobolds
  2 orc skeletons (D:12)
  14 orc zombies
  A quokka skeleton (D:4)
  A quokka zombie (D:3)
  18 rats
  7 ballistomycetes (D:14)
  4 fungi
  A plant (D:5)
2179 creatures vanquished.

Vanquished Creatures (others)
  Asterion (Swamp:3)
  A vault guard (Vaults:2)
  A great orb of eyes (Vaults:1)
  A centaur warrior (Vaults:1)
  A shock serpent (Snake:4)
  A deep elf summoner (Elf:3)
  An anubis guard (shapeshifter) (Elf:3)
  An ugly thing (Vaults:3)
  A naga mage (Snake:2)
  A troll (D:12)
  A shadow (Swamp:1)
  2 vampire mosquitoes
  A warg (D:15)
  A naga (Snake:2)
  An orc warrior (Orc:2)
  An ice beast (IceCv)
  A swamp drake (Swamp:3)
  An ogre (Orc:4)
  A lost soul (Elf:3)
  A crocodile (Lair:1)
  A human skeleton (Vaults:2)
  A hell rat (Elf:3)
  3 orcs
  A giant spore (D:14)
  2 orc zombies (Orc:4)
  2 ballistomycetes (D:14)
  A briar patch (Swamp:3)
  16 fungi
  8 plants
56 creatures vanquished.

Grand Total: 2235 creatures vanquished
